 Dungeon Crawl Stone Soup version 0.18-a0-1372-gd644665 (webtiles) character file.

1178 Kilingo the Slinger (level 8, -2/52 HPs)
             Began as a Halfling Hunter on Feb 20, 2016.
             Was a Believer of Dithmenos.
             Slain by an orc warrior
             ... wielding a +0 mace
              (17 damage)
             ... on level 6 of the Dungeon on Feb 21, 2016.
             The game lasted 01:22:25 (6507 turns).

Kilingo the Slinger (Halfling Hunter)               Turns: 6507, Time: 01:22:25

Health: -2/52      AC: 12    Str: 13    XL:     8   Next: 69%
Magic:  8/8        EV: 15    Int: 10    God:    Dithmenos [**....]
Gold:   206        SH:  0    Dex: 21    Spells: 0 memorised, 7 levels left

rFire  . . .     SeeInvis .     C - +0 falchion (protect)
rCold  . . .     Gourm    .     D - +0 scale mail
rNeg   . . .     Faith    .     (shield restricted)
rPois  .         Spirit   .     (no helmet)
rElec  .         Dismiss  .     (no cloak)
rCorr  .         Reflect  .     (no gloves)
SustAt .         Harm     .     (no boots)
MR     .....                    (no amulet)
Stlth  ++........               c - ring of wizardry
                                A - +5 ring of dexterity

@: wreathed by umbra, not resistant to hostile enchantments, unstealthy
A: mutation resistance 1
a: Shadow Step, Renounce Religion


You were on level 6 of the Dungeon.
You worshipped Dithmenos.
Dithmenos was pleased with you.
You were not hungry.

You visited 2 branches of the dungeon, and saw 7 of its levels.

You collected 206 gold pieces.

Inventory:

Hand Weapons
 a - a +1 hunting sling
 b - a +0 short sword of speed
 s - a +0 dagger
 u - a +0 blowgun
 C - a +0 falchion of protection (weapon)
Missiles
 d - 2 sling bullets
 g - 23 poisoned needles
 j - 165 stones (quivered)
Armour
 p - a +1 robe of magic resistance
 r - a +2 robe of cold resistance
 D - a +0 scale mail (worn)
Jewellery
 c - a ring of wizardry (right hand)
 A - a +5 ring of dexterity (left hand)
Wands
 v - a wand of iceblast (8/15)
Scrolls
 m - 2 scrolls of immolation
 n - 3 scrolls of teleportation
 o - 2 scrolls of fog
 q - a scroll of remove curse
 t - a scroll of enchant armour {unknown}
 x - 2 scrolls of magic mapping {unknown}
 y - a scroll of enchant weapon {unknown}
 F - a scroll of amnesia {unknown}
 G - a scroll of blinking
Potions
 e - 2 potions of degeneration
 l - a potion of brilliance
 w - a potion of mutation
 z - 2 potions of curing
 E - a potion of flight {unknown}
Books
 h - a book of Enchantments

   Spells                             Type                      Level
   a - Cause Fear                     Hexes                        4
   b - Yara's Violent Unravelling     Hexes/Transmutation          5
   c - Silence                        Hexes/Air                    5
   d - Deflect Missiles               Charms/Air                   6
   e - Haste                          Charms                       6
   f - Discord                        Hexes                        8
Comestibles
 f - 4 bread rations
 i - 2 beef jerkies
 k - 4 meat rations


   Skills:
 + Level 3.1 Fighting
 + Level 3.0(3.4) Short Blades
 + Level 1.8(2.3) Long Blades
 + Level 10.1 Slings
 + Level 0.7(4.8) Throwing
 + Level 3.8 Armour
 + Level 5.3 Dodging
 + Level 2.9 Stealth
 + Level 0.2 Invocations
 + Level 0.2 Evocations


You had 7 spell levels left.
You didn't know any spells.

Dungeon Overview and Level Annotations

Branches:
Dungeon (6/15)             Temple (1/1) D:6

Altars:
Cheibriados
Dithmenos
Fedhas
Gozag
Kikubaaqudgha
Makhleb
Nemelex Xobeh
Okawaru
Pakellas
Qazlal
Ru
Sif Muna
Vehumet
Xom
Yredelemnul
Zin
The Shining One

Annotations:
D:6 exclusion: statue


Innate Abilities, Weirdness & Mutations

You are small and have problems with some larger weapons.
You are somewhat resistant to further mutation.


Message History

You closely miss the orc warrior.
You hit the orc warrior but do no damage.
The orc warrior misses you.
You hit the orc warrior but do no damage.
You hit the orc warrior but do no damage.
The orc warrior hits you with a mace!
You feel protected!
C - a +0 falchion of protection (weapon)
You hit the orc warrior but do no damage.
The orc warrior hits you but does no damage.
You hit the orc warrior but do no damage.
The orc warrior misses you.
You hit the orc warrior.
The orc warrior is lightly wounded.
The orc warrior hits you with a mace.
* * * LOW HITPOINT WARNING * * *
You closely miss the orc warrior.
The orc warrior is lightly wounded.
The orc warrior hits you with a mace!
You die...

#.# #.#.......# ..#
#.##.####.### #.###
#.##.# #...# # ....
#....# ###'# #.#..#
######## #.... #.#..#
#......###)).. #....#
#.............
###o#####.............
#{o@..'.............
#######.........##..
#.........####
#......##.....
#..)...##.....
#......##.....
#########.)....##.....
#..............# .....
#..............# ...


You could see an orc warrior and an orc.

Vanquished Creatures
  Eustachio (D:6)
  2 sky beasts
  An ogre (D:6)
  A centaur (D:5)
  Blork the orc (D:5)
  A crimson imp (D:4)
  A quasit (D:5)
  2 hounds
  4 orc priests
  2 centaur skeletons
  2 orc wizards (D:5)
  A worker ant (D:4)
  5 adders
  3 gnolls (D:5)
  4 shadow imps
  An ooze (D:1)
  4 worms
  2 giant geckos
  24 orcs
  5 ball pythons
  11 bats
  3 giant cockroaches
  9 goblins
  11 hobgoblins
  6 kobolds
  6 quokkas
  A giant newt (D:1)
  A quokka skeleton (D:3)
  10 rats
125 creatures vanquished.

Vanquished Creatures (others)
  An orc (D:5)
1 creature vanquished.

Grand Total: 126 creatures vanquished

Notes
Turn   | Place    | Note
--------------------------------------------------------------
     0 | D:1      | Kilingo the Halfling Hunter began the quest for the Orb.
     0 | D:1      | Reached XP level 1. HP: 14/14 MP: 1/1
    59 | D:1      | Reached skill level 6 in Slings
   210 | D:1      | Reached XP level 2. HP: 17/19 MP: 2/2
   366 | D:1      | Reached XP level 3. HP: 17/24 MP: 3/3
   994 | D:2      | Found a shadowy altar of Dithmenos.
  1020 | D:2      | Became a worshipper of Dithmenos the Shadowed
  1074 | D:2      | Reached XP level 4. HP: 25/29 MP: 4/4
  1195 | D:2      | Found a deep blue altar of Sif Muna.
  1691 | D:2      | Reached skill level 7 in Slings
  1960 | D:3      | Reached skill level 1 in Short Blades
  1965 | D:3      | Found a faded altar to an unknown god.
  2028 | D:3      | Reached skill level 1 in Armour
  2028 | D:3      | Reached XP level 5. HP: 9/34 MP: 5/5
  2034 | D:3      | HP: 1/34 [orc/falchion of protection (8)]
  2470 | D:3      | Reached * piety under Dithmenos
  3224 | D:4      | Found a glowing golden altar of the Shining One.
  3422 | D:4      | Reached XP level 6. HP: 37/39 MP: 6/6
  3588 | D:4      | Reached skill level 8 in Slings
  3846 | D:5      | Entered Level 5 of the Dungeon
  3863 | D:5      | Found an oddly glowing altar of Pakellas.
  4254 | D:5      | Noticed a sky beast
  4266 | D:5      | Reached skill level 1 in Long Blades
  4266 | D:5      | Reached XP level 7. HP: 31/45 MP: 7/7
  4513 | D:5      | Upgraded the game from 0.18-a0-1361-g9293dd1 to 0.18-a0-1372-gd644665
  4767 | D:5      | Reached skill level 9 in Slings
  4848 | D:5      | Reached ** piety under Dithmenos
  4851 | D:5      | Noticed Blork the orc
  4864 | D:5      | Killed Blork the orc
  4864 | D:5      | Reached XP level 8. HP: 40/51 MP: 8/8
  5110 | D:6      | Noticed Eustachio
  5195 | D:6      | Killed Eustachio
  5290 | D:6      | Found a radiant altar of Vehumet.
  5324 | D:6      | Reached skill level 5 in Dodging
  5842 | D:6      | Reached skill level 10 in Slings
  6210 | D:6      | Found a staircase to the Ecumenical Temple.
  6219 | Temple   | Entered the Ecumenical Temple
  6507 | D:6      | Slain by an orc warrior

Vault maps used:
D:1:      lordsloth_arrival_two_stooges, minmay_shallow_snake_nest
D:2:      nicolae_dithmenos_through_a_glass_darkly, lemuel_blue_sif_altar
D:3:      first_bread, ecumenical_altar_1
D:4:      overflow_temple_1_default, kennysheep_generic_room_11
D:5:      grunt_pakellas_salt, minmay_misc_feat_cross, uniq_blork_the_orc
D:6:      vehumet_statue, minmay_temple_entry_nine_rooms, uniq_eustachio
Temple:   dpeg_five_rooms_temple_12

Action                   |  1- 3 |  4- 6 |  7- 9 || total
-------------------------+-------+-------+-------++-------
Melee: Short sword       |    64 |   102 |   212 ||   378
       Falchion          |       |    97 |    50 ||   147
       Dagger            |       |     6 |     4 ||    10
 Fire: Hunting sling     |    45 |    94 |    88 ||   227
       Blowgun           |       |       |     2 ||     2
Invok: Shadow Step       |       |       |     1 ||     1
Evoke: Wand              |       |     1 |       ||     1
  Use: Scroll            |     3 |    10 |     2 ||    15
       Potion            |       |     3 |       ||     3
 Stab: Sleeping          |     3 |     2 |     2 ||     7
       Distracted        |       |       |     1 ||     1
  Eat: Chunk             |       |     5 |     1 ||     6
       Bread ration      |       |     2 |     1 ||     3
